 Dungeon Crawl Stone Soup version 0.26-a0-1205-g4083c211ab (webtiles) character file.

Game seed: 2133475279676714089

12 CurlyBrace the Sneak (level 2, 0/21 HPs)
             Began as a Felid Delver on Dec 29, 2020.
             Succumbed to an orc's poison
             ... on level 4 of the Dungeon.
             The game lasted 00:01:14 (88 turns).

CurlyBrace the Sneak (Felid Delver)                   Turns: 88, Time: 00:01:15

Health: 0/21       AC: 21    Str:  8    XL:     2   Next: 20%
Magic:  3/3        EV:  4    Int: 11    God:
Gold:   2          SH:  0    Dex: 17    Spells: 1/1 levels left
                                        Lives:  0   Deaths: 0

rFire    . . .     SeeInvis +     - Unarmed
rCold    . . .     Faith    .   (shield unavailable)
rNeg     + + +     Spirit   .   (armour unavailable)
rPois    +         Reflect  .   (helmet unavailable)
rElec    .         Harm     .   (cloak unavailable)
rCorr    .         Rampage  .   (gloves unavailable)
Will     .....     NoTele   +   (boots unavailable)
Stlth    ++++......             (no amulet)
HPRegen  0.07/turn              (no ring)
MPRegen  0.08/turn              (no ring)

@: lethally poisoned (0 -> -14), tree-form
A: very small, no armour, no weapons or thrown items, stealth, see invisible
a: no special abilities


You were on level 4 of the Dungeon.
You were a tree.
You visited 1 branch of the dungeon, and saw 3 of its levels.

You collected 2 gold pieces.

Inventory:

Wands
 v - a wand of digging (3)
Scrolls
 a - a scroll of fog
 b - a scroll of identify {unknown}
 c - 2 scrolls of fear
 d - a scroll of remove curse {unknown}
Potions
 h - a potion of haste


   Skills:
 - Level 3.0 Fighting
 - Level 3.0 Dodging
 + Level 6.8 Stealth
 * Level 2.5 Unarmed Combat


You had one spell level left.
You didn't know any spells.
Your spell library was empty.

Dungeon Overview and Level Annotations

Branches:
Dungeon (6/15)
 Temple: D:4-7

Altars:

Portals:
Sewer: D:4


Innate Abilities, Weirdness & Mutations

You cannot wear armour.
You are incapable of wielding weapons or throwing items.
Your paws allow you to move quietly. (Stealth)
((You have sharp claws.))
((You have razor-sharp teeth.))
You have supernaturally acute eyesight. (SInv)
((You cover ground quickly.))
((You are covered in fur. (AC +1)))
((Your sharp claws are effective at attacking unaware monsters.))


Message History

The orc hits you with a +4 whip of venom.
You are lethally poisoned!
The worm misses you.
A worker ant comes into view.
* * * LOW HITPOINT WARNING * * *
You feel sick.
The giant cockroach waves its antennae.
The orc throws a boomerang.
The boomerang misses you.
The weapon returns to the orc!
The bat misses you.
The orc throws a boomerang.
The boomerang barely misses you.
A hound comes into view.
* * * LOW HITPOINT WARNING * * *
You feel sick.
* * * LOW HITPOINT WARNING * * *
You feel sick. The bat misses you.
It was a potion of lignification.
You turn into a tree.
Your roots penetrate the ground.
You die...

**,*,,,,,,,,*,***,***,*,,***,,,,,
,,,*,***,*,,**,,,** *,*,,,*,,,***
#,,..,,,,,,,****** *,*,,,,,,,*
.....#***##.** *,,,,,,**** #..#.#
#...# *,****** .....# #...#
####**,* #..#.# #...# #...,,,*
***** .....#####..o###.#***,*
*,,,, .#*#.#...o..o.oB♣####,*
***,,,, .# #...........bZ...#,*
*,,,,,,
.###.#........o..##h#,*****,*,,,,
...o.#.....w.....#,,..,,,**,*,,,,
######.##≈≈w≈≈##...B..#*,**,*****
#.##≈≈≈≈≈##.#..#,#*,**,*
#.≈≈.....≈≈.#..#,,*,**,*****
#.≈≈.....≈≈.#,.#*,*,,,,,,,**
#.≈≈..∩.........,,,,**,,,,**


You could see 2 worms, a hound (asleep), an orc wizard (fast), 4 orcs, a giant
cockroach, a bat and a hound skeleton.

Vanquished Creatures
  An adder (D:4)
  An adder skeleton (D:4)
2 creatures vanquished.

Notes
Turn   | Place    | Note
-------+----------+-------------------------------------------
     0 | D:5      | CurlyBrace the Felid Delver began the quest for the Orb.
     0 | D:5      | Reached XP level 1. HP: 10/10 MP: 2/2
    27 | D:4      | Reached XP level 2. HP: 14/14 MP: 3/3
    73 | D:4      | Found a glowing drain.
    88 | D:4      | Succumbed to an orc's poison

Illustrated notes

Levels and vault maps discovered:
D:4:      layout_loops_cross, cheibrodos_sewer_entry_sluice, due_unseen_surprise
D:5:      layout_cave_pools, minmay_temple_entry_trees, serial_shops, shop,
          shop, shop, nicolae_shop_crystal, shop, minmay_manual_mess, uniq_pikel
D:6:      layout_cave_pools, kiku_gazebo_pond_becter,
          ebering_ghost_reflecting_pool, uniq_duvessa

Skill      XL: |  1 |
---------------+----+-----
Dodging        | 3 |  3.0
Fighting       | |  3.0
Stealth        | |  6.8
Unarmed Combat | |  2.5

Action                   || total
-------------------------++-------
Melee: Unarmed           ||     5
  Use: Potion            ||     2
       Scroll            ||     1
 Stab: Sleeping          ||     1
Dodge: Dodged            ||    29

Table legend: (Time is in decaauts)
 A = Elapsed time spent in this place.
 B = Non-inter-level travel time spent in this place.
 C = Inter-level travel time spent in this place.
 D = Time resting spent in this place.
 E = Time spent auto-exploring this place.
 F = Levels seen in this place.
 G = Mean time per level.
                   A        B        C        D        E       F      G
               +--------+--------+--------+--------+--------+-----+--------+
         Total |     77 |     77 |      0 |      0 |      0 |   3 |   25.7 |
       Dungeon |     77 |     77 |      0 |      0 |      0 |   3 |   25.7 |
               +--------+--------+--------+--------+--------+-----+--------+

Top non-repeatable levels by time:
     D:4: 54 daAuts
     D:5: 18 daAuts
     D:6: 4 daAuts
